 Dungeon Crawl Stone Soup version 0.20.0-15-g7f486f2 (webtiles) character file.

123 skittles the Firebug (level 4, -4/35 HPs)
             Began as a Draconian Fire Elementalist on June 20, 2017.
             Shot with an arrow by a centaur (12 damage)
             ... on level 3 of the Dungeon.
             The game lasted 00:08:00 (3085 turns).

skittles the Firebug (Draconian Fire Elementalist)  Turns: 3085, Time: 00:08:01

Health: -4/35      AC:  6    Str: 11    XL:     4   Next: 80%
Magic:  8/8        EV: 12    Int: 16    God:
Gold:   115        SH:  0    Dex: 11    Spells: 0/8 levels left

rFire    + . .     SeeInvis .   o - +2 dagger (elec)
rCold    . . .     Gourm    .   (no shield)
rNeg     + . .     Faith    .   (armour unavailable)
rPois    .         Spirit   .   (helmet restricted)
rElec    .         Reflect  .   (no cloak)
rCorr    .         Harm     .   (no gloves)
MR       .....                  f - +0 pair of boots
Stlth    ++........             (no amulet)
Regen    0.2/turn               e - ring of protection from fire
MPRegen  0.2/turn               u - ring of positive energy

@: no status effects
A: unfitting armour, cold-blooded, AC +5
a: no special abilities


You were on level 3 of the Dungeon.
You were not hungry.

You visited 1 branch of the dungeon, and saw 3 of its levels.

You collected 115 gold pieces.

Inventory:

Hand Weapons
 o - a +2 dagger of electrocution (weapon)
Armour
 f - a +0 pair of boots (worn)
Jewellery
 e - a ring of protection from fire (left hand)
 u - a ring of positive energy (right hand)
Wands
 t - a wand of polymorph (15/24)
Scrolls
 d - 8 scrolls of identify {unknown}
 g - a scroll of amnesia {unknown}
 h - a scroll of recharging {unknown}
 i - a scroll of magic mapping {unknown}
 m - 3 scrolls of blinking {unknown}
 p - a scroll of teleportation {unknown}
 s - a scroll of fog {unknown}
Potions
 j - 2 potions of haste
 k - a potion of ambrosia {unknown}
 l - a potion of flight {unknown}
 n - a potion of heal wounds {unknown}
 r - a potion of curing {unknown}
 v - a potion of lignification {unknown}
Books
 a - a book of Flames

   Spells                             Type                      Level
   a - Flame Tongue                   Conjuration/Fire             1
   b - Throw Flame                    Conjuration/Fire             2
   c - Conjure Flame                  Conjuration/Fire             3
   d - Inner Flame                    Hexes/Fire                   3
   e - Sticky Flame                   Conjuration/Fire             4
   f - Fireball                       Conjuration/Fire             5
Comestibles
 b - 2 bread rations
 c - a meat ration


   Skills:
 + Level 1.3 Fighting
 + Level 1.4 Short Blades
 - Level 1.7 Dodging
 - Level 1.7 Stealth
 + Level 0.4 Unarmed Combat
 + Level 2.8 Spellcasting
 + Level 2.0 Conjurations
 + Level 3.9 Fire Magic


You couldn't memorise any spells.
You knew the following spells:

 Your Spells              Type           Power        Failure   Level  Hunger
a - Flame Tongue          Conj/Fire      ##...        5%          1    #......
b - Conjure Flame         Conj/Fire      ##......     17%         3    ###....
c - Sticky Flame          Conj/Fire      ##......     50%         4    #####..


Dungeon Overview and Level Annotations

Branches:
Dungeon (3/15)

Altars:


Innate Abilities, Weirdness & Mutations

Your plain brown scales are hard. (AC +5)
You cannot fit into any form of body armour.
You are cold-blooded and may be slowed by cold attacks.


Message History

The orc shouts!
You barely miss the orc. The orc barely misses you.
You barely miss the orc. The orc barely misses you.
You hit the orc but do no damage. Lightning courses through the orc!
You kill the orc!
The centaur wields a shortbow.
The centaur shoots an arrow.
The arrow barely misses you.
The centaur shoots an arrow.
The arrow hits you.
The centaur shoots an arrow.
The arrow hits you!
You see here an arrow.
Unknown command.
The centaur shoots an arrow.
The arrow hits you!
* * * LOW HITPOINT WARNING * * *
You see here an arrow.
Save game and exit?
Okay, then.
All of the chunks of flesh in your inventory have rotted away.
The centaur shoots an arrow.
The arrow closely misses you.
The centaur shoots an arrow.
The arrow hits you!
You die...

.# ############## .#
#.....>......#
.######.##########.###########
......#.## #.............#
....#....#######.#######.###.#
.##.......)....#.# #.# #.#
.####....#####.#.# #####.# #.#
.# #.#.## #.#(# #.....# #.#
.####...# #.#@###.##### #.#
......### #.........# #.#
#.###.# ####.###(#.# #.# #.#
#.# #.....##(#.## #.# #.###.#
#.###.#.(...# #.# #..##.# #.#
#...)...# #.# #..)#.#
#.###c#.....####.# ......#
#................#
......########..............##


You could see a centaur.

Vanquished Creatures
  5 adders
  A worm (D:3)
  2 dart slugs (D:1)
  6 orcs (D:3)
  4 giant cockroaches
  6 goblins
  7 hobgoblins
  9 jackals (D:1)
  6 kobolds
  5 bats
  4 frilled lizards
  4 rats
59 creatures vanquished.

Notes
Turn   | Place    | Note
-------+----------+-------------------------------------------
     0 | D:1      | skittles the Draconian Fire Elementalist began the quest for the Orb.
     0 | D:1      | Reached XP level 1. HP: 14/14 MP: 3/3
   471 | D:1      | Reached XP level 2. HP: 11/20 MP: 1/5
   917 | D:1      | Reached XP level 3. HP: 26/26 MP: 2/6
  1914 | D:2      | Reached skill level 1 in Short Blades
  1962 | D:2      | Reached XP level 4. HP: 32/33 MP: 2/7
  2544 | D:3      | Learned a level 3 spell: Conjure Flame
  2549 | D:3      | Learned a level 4 spell: Sticky Flame
  2750 | D:3      | Reached skill level 1 in Fighting
  3077 | D:3      | Noticed a centaur
  3085 | D:3      | Shot with an arrow by a centaur

Skill      XL: |  1  2  3  4 |
---------------+-------------+-----
Short Blades   | 1 |  1.4
Fighting       | 1 |  1.3
Conjurations   | 2 |  2.0
Dodging        | |  1.7
Stealth        | |  1.7
Unarmed Combat | |  0.4
Spellcasting   | |  2.8
Fire Magic     | |  3.9

Action                   |  1- 3 |  4- 6 || total
-------------------------+-------+-------++-------
Melee: Dagger            |   117 |    45 ||   162
       Unarmed           |    11 |       ||    11
       Tailslap          |     6 |     5 ||    11
 Cast: Flame Tongue      |    34 |    10 ||    44
 Stab: Sleeping          |     2 |     4 ||     6
  Eat: Chunk             |     4 |     3 ||     7
Armor: Skin              |    76 |    14 ||    90
Dodge: Dodged            |   108 |    21 ||   129
